 Dungeon Crawl Stone Soup version 0.30-b1-2-g02819fbbbe (webtiles) character file.

Game seed: 77226071444763219

(classic levelgen) 154 EnegeticOcto the Trooper (level 5, 0/47 HPs)
             Began as a Minotaur Fighter on May 9, 2023.
             Slain by a gnoll
             ... wielding a +0 halberd
              (10 damage)
             ... on level 3 of the Dungeon.
             The game lasted 00:01:21 (2348 turns).

EnegeticOcto the Trooper (Minotaur Fighter)         Turns: 2348, Time: 00:01:21

Health: 0/47       AC:  7    Str: 22    XL:     5   Next: 13%
Magic:  4/4        EV:  9    Int:  5    God:
Gold:   204        SH:  4    Dex: 10    Spells: 4/4 levels left

rFire   . . .        a - +0 war axe
rCold   . . .        c - +0 buckler
rNeg    . . .        b - +0 scale mail
rPois   .            (helmet restricted)
rElec   .            (no cloak)
rCorr   .            (no gloves)
SInv    .            (no boots)
Will    .....        (no amulet) Stlth
                     (no ring)
HPRegen 0.27/turn    (no ring)
MPRegen 0.09/turn

%: no passive effects
@: mighty, lethally poisoned (0 -> -8)
A: horns 2, retaliatory headbutt
a: no special abilities


You were on level 3 of the Dungeon.
You visited 1 branch of the dungeon, and saw 3 of its levels.

You collected 204 gold pieces.

Inventory:

Hand Weapons
 a - a +0 war axe (weapon)
Armour
 b - a +0 scale mail (worn)
 c - a +0 buckler (worn)
Wands
 n - a wand of polymorph (7)
   (You took it off Ijyb on level 3 of the Dungeon)
Potions
 d - a potion of might {@q3}
 f - a potion of ambrosia {unknown}
 g - 5 potions of curing {@q1}
 h - a potion of berserk rage {unknown}
 l - a potion of haste {unknown}
 o - a potion of degeneration {unknown}
 p - a potion of magic {unknown}
 r - a potion of resistance {unknown}
 t - a potion of lignification {unknown}
 u - a potion of mutation {unknown}


   Skills:
 + Level 4.5 Fighting
 * Level 4.4 Axes
 + Level 4.5 Armour
 + Level 4.5 Shields


You had 4 spell levels left.
You didn't know any spells.
Your spell library was empty.

Dungeon Overview and Level Annotations

Branches:
Dungeon (3/15)

Altars:
Trog

Shops:
D:3 (

Annotations:
D:3 1 transporter


Innate Abilities, Weirdness & Mutations

You have a pair of horns on your head.
You reflexively headbutt those who attack you in melee.


Message History

No target in view!
No target in view!
You now have 191 gold pieces (gained 7).
Found a stone staircase leading down.
Found an escape hatch in the ceiling.
You now have 204 gold pieces (gained 13).
u - a lumpy purple potion
Found 5 stones.
You see here 5 stones.
Partly explored, unvisited transporter.
Partly explored, unvisited transporter.
Partly explored, unvisited transporter.
Partly explored, unvisited transporter.
Partly explored, unvisited transporter.
The air fills with toxic fumes!
As you read the scroll labelled NICHUE MYFFAYC, it crumbles to dust.
It was a scroll of poison.
As you read the scroll labelled KEF JASESYPLIPT, it crumbles to dust.
You feel strangely unstable.
It was a scroll of teleportation.
As you read the scroll labelled TOP SYSSINESM, it crumbles to dust.
The air around you briefly surges with heat, but it dissipates.
It was a scroll of immolation.
As you read the scroll labelled OPSALL VEPU, it crumbles to dust.
Wisps of shadow whirl around you...
It was a scroll of summoning.
Your surroundings suddenly seem different.
As you read the scroll labelled CORRITHR TULI, it crumbles to dust.
It is a scroll of identify.
s - a scroll of amnesia You drop a ring of flight.
You drop a scroll of amnesia.
Things that are here:
a scroll of amnesia; a ring of flight You see here 2 stones.
There is a transporter here.
You enter the transporter and appear at another place.
A gnoll comes into view.
It is wielding a +0 spear and carrying a wand of flame (16).
The gnoll shouts! x2; The gnoll sergeant shouts!
The gnoll hits you from afar with a +0 spear of venom.
You are poisoned.
You feel very mighty all of a sudden.
You feel sick.
The gnoll hits you from afar with a +0 spear of venom.
You are more poisoned.
You feel very sick.
The gnoll hits you from afar with a +0 spear.
The gnoll barely misses you.
You slice the gnoll!!
You kill the gnoll!
You feel very sick. The gnoll closely misses you.
You feel sick. The gnoll barely misses you.
The gnoll sergeant hits you with a +2 spear of venom.
You barely miss the gnoll sergeant. You headbutt the gnoll sergeant.
The gnoll sergeant is lightly wounded.
You feel sick.
The gnoll zaps a wand.
The puff of flame hits you.
The gnoll sergeant hits you with a +2 spear of venom.
* * * LOW HITPOINT WARNING * * *
You are more poisoned.
The gnoll zaps a wand.
The puff of flame misses you.
The gnoll sergeant blocks the puff of flame.
You are too injured to fight recklessly!
You are too injured to fight recklessly!
You are too injured to fight recklessly!
You are too injured to fight recklessly!
You are too injured to fight recklessly!
You are too injured to fight recklessly!
You are too injured to fight recklessly!
You are too injured to fight recklessly!
You are too injured to fight recklessly!
You are too injured to fight recklessly!
You are too injured to fight recklessly!
You are too injured to fight recklessly!
You are too injured to fight recklessly!
You slash the gnoll sergeant!
The gnoll sergeant is heavily wounded.
* * * LOW HITPOINT WARNING * * *
You feel very sick. The gnoll barely misses you.
The gnoll sergeant hits you with a +2 spear of venom.
* * * LOW HITPOINT WARNING * * *
You are more poisoned.
It was a potion of curing.
You feel better.
The gnoll shouts!
The gnoll barely misses you. The gnoll sergeant closely misses you.
You furiously retaliate!
You headbutt the gnoll sergeant!
Okay, then.
You hit the gnoll sergeant but do no damage.
The gnoll sergeant blocks your attack.
The gnoll sergeant is almost dead.
The gnoll barely misses you. x2
The gnoll sergeant hits you but does no damage.
You hit the gnoll sergeant but do no damage.
The gnoll sergeant is almost dead.
The gnoll barely misses you. The gnoll hits you but does no damage.
The gnoll sergeant hits you but does no damage.
You are poisoned.
The gnoll zaps a wand.
The puff of flame hits you but does no damage.
The gnoll hits you from afar with a +0 halberd!
You die...

.........≈≈#..#8###8#..#≈≈..#
#######..≈≈##.###.###.##≈≈..#
#..≈≈#g..........#≈≈(.#
#..≈≈###.##'##.###≈≈..#
#######..≈≈..#.#...#.#..≈≈..#
.........≈≈.##g ...g.##.≈≈..#
########.≈≈.#g. ...#..#.≈≈..#
#.≈≈.##.##.##.##.≈≈..#
#.≈≈..#.#@.g#.#......#
##.~~.©#g)g©.'.#©.....# ##
#..≈≈..#.#8⌠8#.#......# .#
#..≈≈.##.#####.##.≈≈..# .#
#..≈≈.#©.# ..#.≈≈..# .#
#..≈≈.##.# .##.≈≈..#
.######..≈≈..#.# !#..≈≈..#
.........≈≈###.##+##.###≈≈..#
.........≈≈#...........#≈≈..#


You could see a gnoll sergeant and 3 gnolls.

Vanquished Creatures
  Ijyb (D:3)
  Robin (D:3)
  2 gnolls
  5 adders
  A worm (D:2)
  3 dart slugs
  4 bats
  3 endoplasms
  8 goblins
  6 hobgoblins
  3 kobolds
  3 quokkas
  3 ball pythons
  A frilled lizard (D:3)
  2 rats (D:2)
46 creatures vanquished.

Vanquished Creatures (others)
  6 plants (D:3)
6 creatures vanquished.

Grand Total: 52 creatures vanquished

Notes
Turn   | Place    | Note
-------+----------+-------------------------------------------
     0 | D:1      | EnegeticOcto the Minotaur Fighter began the quest for the
                  | Orb.
     0 | D:1      | Reached XP level 1. HP: 19/19 MP: 0/0
   258 | D:1      | Reached XP level 2. HP: 27/27 MP: 1/1
   912 | D:2      | Reached XP level 3. HP: 33/33 MP: 2/2
  1027 | D:2      | Found a bloodstained altar of Trog.
  1342 | D:2      | Reached XP level 4. HP: 40/40 MP: 3/3
  1610 | D:3      | Noticed Ijyb
  1627 | D:3      | Killed Ijyb
  1680 | D:3      | Noticed Robin
  1689 | D:3      | Killed Robin
  1806 | D:3      | Found a transporter.
  1846 | D:3      | Found a transporter.
  1862 | D:3      | Reached XP level 5. HP: 47/47 MP: 4/4
  1990 | D:3      | Identified the +5 scale mail of Hedging {rC+ Int+3 Stlth+}
  2042 | D:3      | Found Xiomick's Weapon Shoppe.
  2348 | D:3      | Slain by a gnoll

Illustrated notes

Levels and vault maps discovered:
D:1:      tarquinn_simple_flora_water_d, layout_basic
D:2:      minmay_inner_zag, layout_loops_ring, basic_altar
D:3:      layout_loops_ring, gammafunk_ghost_gnarly_gnolls, serial_shops,
          nicolae_shop_bloodbath_and_beyond, uniq_ijyb, uniq_robin

Skill      XL: |  1  2  3  4 |
---------------+-------------+-----
Axes           | 3 4 |  4.4
Fighting       | 4 |  4.5
Armour         | 4 |  4.5
Shields        | 4 |  4.5

Action                     |  1- 3 |  4- 6 || total
---------------------------+-------+-------++-------
  Melee: War axe           |    54 |    54 ||   108
         Headbutt          |     6 |     4 ||    10
    Use: Scroll            |       |     5 ||     5
         Potion            |       |     2 ||     2
 Armour: Scale mail        |    26 |    24 ||    50
  Dodge: Dodged            |    26 |    29 ||    55
  Block: Buckler           |    16 |     5 ||    21
